Map: [ESL] Ghost River

Players

Lambo - Winner!

  • Race: Zerg Zerg
  • Spawn Location: 1:00

Reynor

  • Race: Terran Terran
  • League: Master
  • Spawn Location: 11:00

Event: Bellum Gens Elite Stara Zagora 2024

VOD

Have the link to the VOD?

Description

Time

  • Played on: Sept. 6, 2024, 5:25 a.m.
  • Length: 16:59

All games in this series

Show
View Real Time Build Order
Export as new Build Order

Lambo Zerg - Winner!

Build Orders: Pool First, Lurkers 

Get SALT Encoding   

  12  0:00  Drone  
  13  0:12  Overlord  
  13  0:17  Drone  
  14  0:32  Drone x2  
  14  0:35  Drone  
  17  0:43  Spawning Pool  
  17  0:47  Drone  
  17  1:07  Hatchery  
  17  1:10  Drone  
  17  1:12  Extractor  
  17  1:15  Drone  
  17  1:18  Drone  
  18  1:30  Queen  
  18  1:31  Zergling x2  
  21  1:40  Overlord  
  21  1:51  Drone  
  22  2:01  Drone  
  23  2:05  Queen  
  25  2:19  Queen  
  25  2:20  Drone  
  27  2:25  Metabolic Boost  
  27  2:26  Drone  
  27  2:27  Overlord  
  27  2:29  Drone  
  29  2:33  Drone  
  30  2:43  Spore Crawler  
  29  2:46  Drone x4  
  29  2:48  Queen  
  36  2:56  Drone  
  37  2:59  Zergling x2  
  37  3:04  Zergling x2  
  37  3:05  Zergling x2  
  40  3:12  Queen  
  42  3:17  Overlord  
  42  3:21  Hatchery  
  42  3:24  Drone x2  
  43  3:31  Drone  
  44  3:35  Drone x5  
  49  3:41  Queen  
  49  3:46  Overlord  
  51  3:49  Drone  
  51  3:52  Overlord  
  51  4:04  Zergling x14  
  51  4:08  Queen  
  58  4:11  Drone  
  59  4:17  Drone x3  
  59  4:18  Drone  
  59  4:20  Queen, Extractor  
  64  4:24  Drone  
  64  4:27  Spore Crawler  
  64  4:28  Drone x2  
  66  4:32  Drone  
  66  4:35  Drone x2, Spore Crawler  
  68  4:38  Zergling x4  
  68  4:45  Zergling x2  
  71  4:49  Spore Crawler  
  71  4:51  Zergling x4  
  71  4:52  Drone  
  73  5:01  Lair  
  73  5:02  Drone  
  73  5:10  Overlord  
  73  5:12  Overlord  
  73  5:19  Drone x3, Hatchery  
  73  5:20  Drone  
  73  5:24  Drone x3  
  73  5:26  Drone  
  73  5:27  Drone  
  74  5:28  Drone x4  
  74  5:30  Drone x2  
  80  5:36  Drone x3  
  80  5:42  Overlord  
  83  5:45  Overlord  
  83  5:46  Overlord  
  83  5:47  Overlord  
  83  5:48  Overlord  
  83  5:51  Overlord  
  83  5:53  Overlord  
  83  5:57  Overlord  
  83  6:01  Overseer, Evolution Chamber  
  83  6:02  Overseer, Extractor x2  
  83  6:03  Evolution Chamber  
  83  6:04  Zergling x4  
  81  6:06  Drone x2  
  81  6:08  Drone x2  
  85  6:12  Extractor  
  85  6:13  Drone, Baneling Nest  
  85  6:14  Drone  
  85  6:16  Drone x2  
  87  6:20  Drone x4  
  87  6:22  Drone x2  
  91  6:29  Drone x2  
  91  6:30  Zergling x4  
  91  6:31  Zergling x2  
  96  6:33  Drone x2  
  96  6:35  Zerg Ground Armor Level 1  
  96  6:37  Hydralisk Den  
  96  6:38  Drone x3  
  100  6:41  Drone x3  
  100  6:44  Zerg Melee Weapons Level 1  
  100  6:45  Drone  
  104  6:48  Zergling x6  
  104  6:52  Drone, Pneumatized Carapace  
  108  6:55  Zergling x4  
  108  6:58  Spore Crawler  
  109  7:02  Zergling x10  
  109  7:03  Baneling x4, Infestation Pit  
  109  7:07  Baneling x4  
  113  7:09  Grooved Spines  
  113  7:10  Zergling x8  
  113  7:11  Baneling x2  
  117  7:18  Zergling x2  
  117  7:19  Drone, Zergling x14  
  117  7:20  Drone  
  127  7:24  Centrifugal Hooks  
  126  7:30  Zergling x16  
  126  7:33  Zergling x2  
  135  7:39  Zergling x10  
  135  7:42  Hive  
  136  7:44  Zergling x2  
  136  7:50  Drone x5  
  142  7:52  Extractor  
  142  7:56  Drone x8  
  149  7:58  Baneling x2  
  149  7:59  Baneling x2, Extractor  
  149  8:00  Drone  
  146  8:08  Zergling x12  
  146  8:17  Zergling x12  
  146  8:19  Baneling x8  
  151  8:24  Extractor  
  151  8:26  Overlord  
  150  8:27  Baneling x5  
  150  8:29  Muscular Augments  
  150  8:30  Zerg Missile Weapons Level 1  
  150  8:35  Spine Crawler  
  150  8:38  Hydralisk, Zerg Ground Armor Level 2  
  151  8:42  Overlord  
  151  8:43  Baneling x7  
  151  8:45  Spore Crawler, Overlord  
  151  8:46  Baneling x2  
  149  8:49  Overlord  
  149  8:51  Hydralisk  
  149  8:55  Overlord  
  151  8:56  Overlord  
  151  8:57  Overlord  
  151  9:00  Hydralisk x4  
  151  9:01  Overlord  
  158  9:03  Hydralisk x4  
  158  9:05  Overseer  
  166  9:12  Zergling x20  
  171  9:19  Hatchery  
  171  9:20  Hydralisk  
  171  9:21  Hydralisk x2  
  176  9:25  Viper  
  179  9:32  Viper  
  182  9:47  Hydralisk  
  182  9:48  Hydralisk  
  182  9:49  Viper  
  182  9:51  Zergling x20  
  199  9:57  Hatchery, Overseer  
  197  10:20  Overseer  
  193  10:26  Zergling x2  
  193  10:27  Zergling x14  
  200  10:33  Zergling x2  
  196  10:38  Zergling x22  
  197  10:44  Zergling x4  
  197  10:47  Zergling x20  
  198  10:51  Zergling x4  
  198  10:53  Baneling x8  
  198  10:56  Zergling x2  
  199  11:05  Spore Crawler, Baneling x7  
  198  11:12  Zerg Melee Weapons Level 2  
  198  11:13  Zerg Ground Armor Level 3, Adrenal Glands  
  198  11:16  Zergling x16  
  192  11:21  Zergling x18  
  192  11:23  Hatchery x2  
  192  11:25  Zergling x2  
  175  11:32  Zergling x18  
  173  11:38  Zergling x4  
  162  11:40  Baneling x5  
  162  11:43  Hydralisk x3  
  162  11:44  Lurker Den  
  162  11:45  Baneling x6  
  162  11:46  Hydralisk x3  
  173  11:48  Queen  
  173  11:50  Zergling x6  
  178  11:56  Zergling x16  
  178  11:57  Baneling x11  
  186  12:02  Hatchery  
  186  12:04  Zergling x6  
  186  12:06  Baneling x11  
  179  12:11  Zergling x8  
  179  12:16  Zergling x2  
  179  12:17  Zergling x8  
  180  12:22  Zergling x2  
  180  12:23  Zergling x6  
  180  12:27  Zergling x12  
  182  12:30  Zergling x2  
  182  12:32  Spore Crawler  
  182  12:33  Baneling x5  
  182  12:36  Zergling x6  
  182  12:37  Spore Crawler  
  182  12:38  Zergling x2  
  182  12:43  Zergling x14  
  179  12:45  Baneling x9  
  167  12:53  Zergling x8  
  164  12:58  Zergling x8  
  164  12:59  Evolution Chamber  
  164  13:02  Zergling x8  
  164  13:08  Zergling x8  
  164  13:10  Seismic Spines  
  164  13:11  Zergling x8  
  169  13:13  Baneling x18  
  169  13:14  Zergling x2  
  169  13:18  Zergling x6  
  173  13:23  Zergling x8  
  173  13:25  Lurker  
  173  13:26  Lurker x2  
  180  13:32  Zergling x16  
  176  13:36  Lurker x3  
  176  13:37  Lurker x2  
  176  13:38  Zergling x2  
  181  13:45  Zergling x14  
  186  13:51  Lurker x4  
  186  13:52  Drone x4  
  186  13:53  Drone x2  
  196  13:56  Overlord  
  196  13:58  Overlord  
  196  14:00  Zerg Missile Weapons Level 2  
  196  14:01  Zerg Melee Weapons Level 3  
  193  14:03  Overlord  
  193  14:07  Adaptive Talons  
  192  14:13  Overlord  
  192  14:15  Overlord  
  183  14:19  Zergling x36  
  198  14:30  Zergling x2  
  198  14:31  Zergling x2  
  200  14:42  Zergling x8  
  200  14:48  Baneling x2  
  200  14:49  Baneling x14  
  200  14:57  Overlord  
  200  15:13  Zergling x44  
  191  15:22  Baneling  
  191  15:23  Baneling x5  
  191  15:28  Zergling x16  
  199  15:30  Overseer  
  196  15:46  Zergling x18  
  196  15:48  Zergling x10  
  194  15:52  Zergling x6  
  194  15:56  Hatchery, Zergling x6  
  183  16:00  Evolution Chamber  
  182  16:07  Lurker x2  
  182  16:09  Zergling x18  
  193  16:13  Overseer x2  
  193  16:16  Lurker x4  
  193  16:18  Zergling x4  
  192  16:30  Zergling x24  
  177  16:35  Zergling x2  
Show
View Real Time Build Order
Export as new Build Order

Reynor Terran 

Build Orders: Reaper Expand, Hellion Banshee 

Get SALT Encoding   

  12  0:00  SCV  
  13  0:12  SCV  
  14  0:17  Supply Depot  
  14  0:24  SCV  
  15  0:38  SCV  
  15  0:40  Barracks  
  16  0:43  Refinery  
  16  0:50  SCV  
  17  1:02  SCV  
  18  1:14  SCV  
  19  1:26  Reaper  
  19  1:27  Orbital Command  
  20  1:39  Command Center  
  20  1:47  Supply Depot  
  20  1:52  SCV  
  21  1:58  Marine  
  22  2:04  SCV  
  23  2:12  Engineering Bay  
  23  2:17  Factory  
  23  2:18  SCV  
  24  2:30  SCV, Barracks Reactor  
  24  2:32  Refinery  
  25  2:42  SCV  
  26  2:52  Orbital Command  
  26  2:54  SCV  
  27  3:00  Starport  
  27  3:06  SCV  
  27  3:11  Hellion x2  
  32  3:18  Barracks Tech Lab, SCV x2  
  34  3:25  Supply Depot  
  34  3:30  SCV x2  
  34  3:32  Hellion x2  
  40  3:42  SCV x2  
  40  3:47  Banshee  
  40  3:48  Cloaking Field  
  45  3:52  Supply Depot  
  45  3:53  Hellion  
  45  3:54  SCV x2  
  45  4:06  SCV x2  
  45  4:11  Hellion  
  47  4:18  SCV, Hellion  
  47  4:19  SCV  
  51  4:28  Command Center  
  51  4:30  SCV  
  51  4:31  SCV  
  53  4:33  Banshee  
  57  4:42  Barracks Tech Lab, SCV  
  57  4:44  SCV  
  58  4:47  Supply Depot  
  58  4:50  Barracks x2  
  58  4:52  Factory Reactor  
  58  4:54  SCV  
  59  5:01  SCV  
  59  5:04  Marine  
  59  5:07  SCV  
  62  5:13  SCV  
  61  5:19  SCV  
  61  5:23  Reaper  
  61  5:25  SCV  
  60  5:31  SCV  
  61  5:37  SCV  
  61  5:40  Stimpack  
  61  5:41  Refinery  
  62  5:43  Orbital Command, SCV, Engineering Bay  
  62  5:45  Marine  
  62  5:46  Marine  
  62  5:48  Starport Reactor  
  62  5:49  Marine  
  66  5:51  Marine  
  66  5:52  SCV  
  66  5:54  Marine  
  66  5:55  Siege Tank  
  72  5:59  Engineering Bay  
  72  6:00  SCV  
  72  6:01  Supply Depot  
  72  6:04  SCV  
  74  6:06  Marine  
  74  6:07  Marine  
  74  6:08  SCV  
  74  6:10  Terran Infantry Weapons Level 1  
  77  6:11  Refinery  
  77  6:12  Marine  
  77  6:13  Marine  
  77  6:14  SCV  
  77  6:15  Marine  
  81  6:19  SCV  
  81  6:23  Orbital Command  
  81  6:24  Marine, Terran Infantry Armor Level 1  
  81  6:25  Marine  
  83  6:26  SCV  
  83  6:30  Marine  
  83  6:31  SCV, Marine  
  88  6:33  Marine  
  88  6:38  Supply Depot, SCV  
  90  6:41  Marine  
  90  6:43  SCV, Marine  
  93  6:50  Supply Depot  
  93  6:51  Siege Tank, Marine, Medivac x2  
  101  6:59  SCV x3, Marine x2  
  101  7:01  Marine  
  108  7:08  Barracks  
  108  7:10  Supply Depot, Barracks  
  108  7:11  SCV  
  108  7:12  SCV x2, Marine  
  111  7:19  Marine  
  111  7:20  Combat Shield, Marine  
  113  7:24  SCV x3, Armory  
  113  7:29  Marine  
  117  7:30  Supply Depot  
  117  7:36  SCV x3  
  121  7:37  Marine  
  121  7:44  Siege Tank, Medivac  
  121  7:48  SCV x3  
  124  7:52  Factory  
  124  7:54  Supply Depot, Marine x2  
  124  7:57  Marine  
  126  8:00  SCV x3, Barracks Reactor  
  126  8:01  Refinery, Barracks Reactor  
  126  8:02  Marine x2  
  131  8:12  Marine x2  
  126  8:15  SCV, Marine  
  126  8:17  SCV x2  
  130  8:21  Marine x2  
  132  8:29  Command Center  
  132  8:34  Marine  
  132  8:40  Marine, Terran Infantry Armor Level 2, Terran Infantry Weapons Level 2  
  134  8:42  Marine  
  134  8:44  Medivac x2  
  134  8:46  Supply Depot  
  134  8:47  SCV  
  134  8:48  Supply Depot  
  140  8:51  Factory Reactor  
  140  8:52  Drilling Claws  
  141  9:00  Marine  
  141  9:07  Siege Tank, Marine  
  141  9:08  Marauder  
  141  9:09  Supply Depot  
  147  9:10  Supply Depot x2, Marine  
  147  9:11  Marine  
  147  9:16  Marine  
  148  9:19  Marine x2, Medivac  
  148  9:20  Medivac  
  148  9:21  SCV  
  148  9:22  Marine  
  148  9:24  Marine  
  156  9:28  Supply Depot  
  158  9:33  Widow Mine x2  
  158  9:34  Marine  
  158  9:36  Marine  
  164  9:39  Marine  
  164  9:40  Widow Mine  
  164  9:43  SCV  
  168  9:47  Marine x2  
  168  9:48  Barracks  
  168  9:50  Marine, Barracks x2  
  169  9:54  Marine, Sensor Tower  
  169  9:55  Widow Mine x2  
  175  10:01  Marine x3, Widow Mine  
  175  10:02  SCV  
  175  10:03  SCV  
  175  10:05  Marine  
  179  10:07  Marine  
  179  10:08  Sensor Tower  
  179  10:09  Marine  
  179  10:11  Marine  
  184  10:16  Widow Mine x2  
  184  10:21  Medivac x2  
  178  10:22  Widow Mine  
  178  10:23  Planetary Fortress  
  180  10:28  Marine  
  180  10:29  Marine x2  
  180  10:32  Marine, Marauder  
  184  10:35  Marine  
  184  10:37  Widow Mine  
  184  10:38  Marine, Widow Mine  
  184  10:40  Marine  
  184  10:42  Marine  
  190  10:44  Widow Mine  
  190  10:47  Marine  
  179  10:50  Medivac  
  179  10:51  Medivac  
  179  10:52  Barracks Tech Lab  
  179  10:53  Barracks Tech Lab  
  179  10:54  Barracks Tech Lab, Marauder  
  179  10:56  SCV x3, Refinery, Command Center  
  182  10:57  Marine x2  
  182  10:59  Marine x2  
  182  11:01  Refinery, Widow Mine x2  
  182  11:02  SCV, Marine  
  192  11:05  Marine, Widow Mine  
  192  11:07  Marine  
  192  11:11  Marine, Sensor Tower  
  197  11:12  Supply Depot  
  197  11:13  Marine  
  197  11:14  Marauder  
  197  11:16  Marine x2  
  197  11:17  Marine x2, Marauder  
  198  11:19  Marine  
  198  11:23  Marine  
  198  11:25  Marine, Medivac x2  
  168  11:26  Widow Mine x2  
  168  11:28  Marine  
  168  11:29  Marine  
  168  11:31  Marauder  
  171  11:34  Marine x2  
  171  11:35  Marine x2, Marauder  
  171  11:37  Marine  
  171  11:38  Marauder  
  170  11:41  Marine  
  170  11:43  Marine, Terran Infantry Weapons Level 3  
  170  11:46  Marine  
  173  11:48  Marauder  
  173  11:50  Widow Mine x3  
  173  11:52  Marine x2  
  173  11:53  Marine x2, Marauder  
  187  11:55  Marine  
  187  11:56  Marauder  
  187  11:57  Refinery  
  187  11:59  Marine, Marauder  
  187  12:01  Marine  
  194  12:04  Marine  
  191  12:09  Marine, Marauder  
  191  12:10  Marine  
  191  12:11  Marine x2, Widow Mine  
  191  12:13  Marine  
  191  12:14  Marauder  
  194  12:17  Marine  
  194  12:18  Marauder  
  194  12:19  Marine  
  194  12:21  Terran Infantry Armor Level 3, Marauder  
  194  12:22  Marine  
  192  12:27  Marine x2  
  192  12:28  Marine  
  192  12:29  Marine  
  186  12:30  Marauder  
  186  12:31  Marine, Widow Mine  
  186  12:32  Widow Mine x2  
  186  12:35  Marine  
  186  12:36  Marine, Marauder  
  199  12:39  Marauder  
  199  12:40  Marine  
  199  12:42  Marauder  
  193  12:45  Marine x2  
  193  12:46  Marine x2  
  193  12:49  Marine  
  185  12:52  Marine, Marauder  
  185  12:53  Widow Mine  
  185  12:54  Marine  
  185  12:57  Marine, Marauder  
  167  13:01  Marauder  
  167  13:03  Marine x2, Marauder  
  167  13:04  Marine x2, Widow Mine x2  
  173  13:06  Marine  
  173  13:10  Marine  
  173  13:12  Marine  
  173  13:13  Marauder, Medivac x2  
  173  13:14  Widow Mine  
  173  13:15  Marine  
  173  13:18  Marauder  
  184  13:21  Marine x2  
  184  13:22  Marine, Marauder  
  184  13:25  Widow Mine x2  
  184  13:26  Marine x2  
  197  13:27  Marauder  
  197  13:29  Marine  
  197  13:32  Marine  
  185  13:34  Marine  
  185  13:36  Widow Mine  
  185  13:38  Ghost Academy  
  192  13:43  Medivac x2  
  192  13:44  Marine  
  197  13:49  Widow Mine x2  
  197  13:52  Planetary Fortress  
  197  13:54  Marine  
  199  13:56  Marine  
  199  13:59  Refinery  
  189  14:04  Refinery  
  189  14:07  Sensor Tower  
  189  14:13  Medivac  
  189  14:24  Barracks  
  189  14:29  Marine  
  189  14:31  Marine  
  191  14:34  Marine x2  
  193  14:40  Unknown x4  
  199  14:50  Medivac  
  199  14:51  Medivac  
  192  14:52  SCV  
  192  14:53  SCV  
  192  15:00  SCV  
  193  15:08  Unknown x3  
  193  15:12  Unknown, Marine  
  181  15:15  Marine  
  181  15:16  Marine  
  181  15:20  Marine, Medivac  
  177  15:22  SCV x3  
  177  15:25  Missile Turret  
  177  15:27  Widow Mine  
  179  15:37  Unknown x3  
  179  15:41  Unknown  
  183  15:46  Marine  
  183  15:47  Marine  
  180  15:50  Marine  
  180  15:53  Marine  
  167  15:59  Marine x2  
  167  16:01  Medivac x2  
  167  16:02  Marine x2  
  167  16:04  Marine  
  175  16:05  Unknown x2, Marine  
  175  16:08  Unknown  
  176  16:11  Marine  
  176  16:14  Widow Mine  
  176  16:16  Marine  
  179  16:19  Marine  
  179  16:20  Orbital Command  
  179  16:23  Marine  
  179  16:24  Marine  
  180  16:33  Marine  
  180  16:37  Marine  
Tags
 
Add a new tag
Caveats
  • Supply blocks, unpowered buildings, or Contaminate may cause inaccurate times.
  • Supply counts are checked every 10 seconds.